dirtydude, lawful female human Valkyrie ---- --- |..-- ---- --.-- ---...| |..| |...-- ------ --|.[...| |..| --...| --....----.|.-.--- --.---|...| |..............| |...|-...-- --.............| ---.|.....| --............-- |.......----- |.............---- ---.........-----...--.........| |.....---..---...----........| ---.....f@.%.)ho......(.....|..| --..--....---..--...)()(..|.----- |..-||-..-| ----|....-.|..|.--- --..--....| ----...|-.|...| |........----- ---.----.|--.-- --...........|---...||...--|..----- --.........--|...----....||..<.....| --......--- |........------..------ ---.|.-- ---------- ---- ----- dirtydude the Skirmisher Experience level: 5 Strength: 18/03 Dexterity: 10 Constitution: 18 Intelligence: 13 Wisdom: 8 Charisma: 9 Health: 0(51) Energy: 13(13) Def: 4 Gold: 295 Moves: 1603 Dungeon seed: E8w1BTn5Sqtrar1a Game ID: dirtydude_1489147711 Your Inventory: Coins $ - 295 gold pieces Weapons a - a +1 long sword (weapon in hand) b - a +0 dagger Armor e - a blessed +3 small shield (being worn) n - a cursed +0 robe q - an uncursed +0 chain mail Comestibles c - an uncursed food ration Scrolls f - an uncursed scroll of confuse monster m - an uncursed scroll of create monster Potions k - an uncursed potion of water Tools d - an uncursed oil lamp (0:1157) g - an uncursed oil lamp (0:1026) i - an uncursed tin opener j - an uncursed skeleton key Spells and supernatural/magical abilities: Name Level Category Fail Memory W - pray for help -- divine ? -- Your skills at the end: Fighting Skills Weapon Skills dagger [Basic] long sword [Basic] Spellcasting Skills Final Attributes: You were piously aligned. You were cold resistant. You were stealthy. You are dead. Vanquished creatures: a shrieker 2 gnome lords a gnomish wizard a straw golem 2 giant ants a dwarf an acid blob a gas spore a hobgoblin 7 gnomes 3 geckos 6 jackals a fox a goblin 2 sewer rats 2 grid bugs 2 lichens a kobold zombie 5 newts 41 creatures vanquished. Voluntary challenges: You were an atheist. You used a wielded weapon 38 times, starting on turn 150. You were illiterate. You never genocided any monsters. You never polymorphed an object. You never changed form. You used no wishes. You never split a pudding. You never wrote Elbereth's name. You never violated your personal moral code. Dungeon overview: The Dungeons of Doom: levels 1 to 4 Level 1 some fountains a long staircase Level 2 an altar to Loki, a fountain Level 3 an armor shop Level 4 a fountain stairs to The Gnomish Mines The Gnomish Mines: Level 5 <- You were here stairs to The Dungeons of Doom History has recorded: On T:1 you entered the Dungeons of Doom to retrieve the Amulet of Yendor! On T:304 you reached level 2 of The Dungeons of Doom. On T:652 you reached level 3 of The Dungeons of Doom. On T:669 you advanced to experience level 2. On T:1141 you reached level 4 of The Dungeons of Doom. On T:1167 you advanced to experience level 3. On T:1341 you reached level 1 of The Gnomish Mines. On T:1376 you advanced to experience level 4. On T:1508 you advanced to experience level 5. Score breakdown: Gold: 295 ( 8406 points) Experience: 5 levels (11141 points) Exploration: 5 levels ( 10.00%) ( 8571 points) Discoveries: 1 item ( 0.41%) ( 1916 points) Valuables value: (no points given unless you survive) Artifact value: 0 ( 0 points) Variety of kills: 19 monsters ( 4.99%) ( 6699 points) Turncount: 1603 turns ( 0 points) Survival: died (score multiplied by 80%) Total score: 29386 Latest messages: The giant ant bites! (2x) You kill the giant ant! You see here a giant ant corpse. This giant ant corpse tastes terrible! You finish eating the giant ant corpse. You see here a giant ant corpse. This giant ant corpse tastes terrible! You finish eating the giant ant corpse. That food really hit the spot! You finish eating the food ration. You kill the sewer rat! You see here a sewer rat corpse. This sewer rat corpse tastes terrible! You stop eating. You kill the gas spore! The sewer rat is caught in the gas spore's explosion! You kill the sewer rat! You are caught in the gas spore's explosion! Final status: Farvel dirtydude the Valkyrie, killed by a gas spore's explosion... You died in The Gnomish Mines on dungeon level 5 with 29386 points, and 295 pieces of gold, after 1603 moves. You were level 5 with a maximum of 51 hit points when you died.